 Dungeon Crawl Stone Soup version 0.30-a0-222-ge547ba4400 (webtiles) character file.

Game seed: 9840434123888619461

5602 BlueGoblin the Thaumaturge (level 10, -3/68 HPs)
             Began as a Demonspawn Fire Elementalist on Oct 9, 2022.
             Was a Follower of Hepliaklqana.
             Shot with an arrow by a centaur warrior (13 damage)
             ... on level 8 of the Dungeon.
             The game lasted 00:20:49 (8823 turns).

BlueGoblin the Thaumaturge (DsFE)                   Turns: 8823, Time: 00:20:49

Health: -3/68      AC:  6    Str:  8    XL:     10   Next: 45%
Magic:  10/23      EV: 13    Int: 26    God:    Hepliaklqana [*.....]
Gold:   452        SH:  0    Dex: 15    Spells: 23/27 levels left

rFire   . . .      SeeInvis .    d - +5 scythe "Finisher" {speed, eviscerate}
rCold   . . .      Faith    .    (shield currently unavailable)
rNeg    + . .      Spirit   .    B - +0 troll leather armour
rPois   .          Reflect  .    (no helmet)
rElec   .          Harm     .    r - +0 cloak
rCorr   .          Rampage  .    (no gloves)
Will    +....                    k - +0 pair of boots
Stlth   ++........               (no amulet)
HPRegen 1.11/turn                i - ring of positive energy
MPRegen 0.18/turn                o - ring of willpower

@: no status effects
A: reduced essence, claws 1, demonic guardian 1, big brain 3
a: Renounce Religion, Recall Ancestor, Ancestor Identity


You were on level 8 of the Dungeon.
You worshipped Hepliaklqana.
Hepliaklqana was aware of your devotion.
You visited 1 branch of the dungeon, and saw 8 of its levels.

You collected 452 gold pieces.

Inventory:

Hand Weapons
 d - the +5 scythe "Finisher" (weapon) {speed, eviscerate}
   (You found it on level 2 of the Dungeon)

   Attacks with this weapon are significantly faster.
   It may eviscerate those it strikes, slaying them instantly, with a decreasing
   chance against stronger foes.
 l - a +4 dagger
 v - a +1 dagger of distortion
Armour
 k - a +0 pair of boots (worn)
 n - a +0 tower shield
 r - a +0 cloak (worn)
 z - a +3 ring mail of willpower
 B - a +0 troll leather armour (worn)
Jewellery
 i - a ring of positive energy (left claw)
 o - a ring of willpower (right claw)
Wands
 t - a wand of roots (7)
 y - a wand of flame (9)
 A - a wand of digging (7)
Scrolls
 a - a scroll of poison
 e - a scroll of identify
 g - a scroll of torment
 j - a scroll of vulnerability
 s - 2 scrolls of teleportation
 C - 2 scrolls of amnesia
Potions
 b - a potion of magic
 c - 3 potions of lignification
 f - a potion of curing
 h - 2 potions of might
 m - a potion of brilliance
 p - a potion of heal wounds
 q - 3 potions of attraction
 w - 2 potions of flight
 x - a potion of ambrosia
 E - a potion of cancellation


   Skills:
 + Level 6.0 Fighting
 + Level 5.2 Dodging
 - Level 1.7 Stealth
 + Level 9.4 Spellcasting
 - Level 1.0 Conjurations
 * Level 8.9 Hexes
 - Level 2.6 Fire Magic


You had 23 spell levels left.
You knew the following spells:

 Your Spells              Type           Power      Damage    Failure   Level
a - Inner Flame           Hex/Fire       42%        N/A       1%          3
q - Foxfire               Conj/Fire      84%        2x1d8     1%          1

Your spell library contained the following spells:

 Spells                   Type           Power      Damage    Failure   Level
 Scorch                   Fire           52%        2d7       1%          2
 Static Discharge         Conj/Air       28%        2-4/arc   3%          2
 Cigotuvi's Dreadful Rot  Necr/Pois/Air  24%        N/A       4%          2
 Poisonous Vapours        Pois/Air       24%        N/A       4%          2
 Fulminant Prism          Conj/Hex       19%        3d11      4%          4
 Kindle Blastsparks       Fire/Tloc/Air  32%        2d12      6%          3
 Mephitic Cloud           Conj/Pois/Air  14%        N/A       8%          3
 Vhi's Electric Charge    Tloc/Air       24%        N/A       9%          3
 Flame Wave               Conj/Fire      21%        2d8       13%         4
 Sticky Flame             Conj/Fire      21%        2d4       13%         4
 Iskenderun's Mystic Bla  Conj/Tloc      14%        2d5       22%         4
 Arcjolt                  Conj/Air       7%         1d17      52%         5
 Lightning Bolt           Conj/Air       7%         1d19      52%         5
 Lee's Rapid Deconstruct  Erth           6%         3d7*      58%         5


Dungeon Overview and Level Annotations

Branches:
Dungeon (8/15)             Temple (0/1) D:7
   Lair: D:8-11

Altars:
Ashenzari
Cheibriados
Hepliaklqana
Kikubaaqudgha
Nemelex Xobeh
Okawaru
Ru
Vehumet

Shops:
D:6 =

Annotations:
D:4 2 transporters, Stonecrops's ghost, novice GrMo


Innate Abilities, Weirdness & Mutations

Your life essence is reduced to manifest your ancestor. (-10% HP)
You have sharp fingernails.
A weak demonic guardian rushes to your aid.
You have an absolutely massive brain. (Int +6, Wiz)


Message History

The centaur warrior wields a +0 longbow.
The centaur warrior shoots an arrow.
The arrow barely misses your ufetubus. The arrow hits you!!
A demonic guardian appears!
Unknown command.
Your foxfire dissipates!
The centaur warrior shoots an arrow.
The arrow hits your ufetubus!
Your ufetubus dies!
Your ufetubus disappears in a puff of smoke!
Wilburh completely misses the sky beast.
The water moccasin closely misses Wilburh.
Something closely misses Wilburh.
The centaur warrior shoots an arrow.
The arrow misses your quasit. The arrow hits you!
Wilburh hits the sky beast!
You hear a shout!
Casting: Foxfire (safe; 1% risk of failure)
Confirm with . or Enter, or press ? or * to list all spells.
Aiming: Inner Flame (safe; 1% risk of failure)
Press: ? - help, Dir - move target, f - centaur warrior
Aim: a centaur warrior, wielding a +0 longbow (chance to affect: 80%)
The centaur warrior is filled with an inner flame.
The centaur warrior shoots an arrow.
The arrow hits your quasit!
The centaur warrior shoots an arrow.
The arrow closely misses your quasit. The arrow hits you.
Wilburh misses the sky beast.
Casting: Inner Flame (safe; 1% risk of failure)
Confirm with . or Enter, or press ? or * to list all spells.
Aiming: Inner Flame (safe; 1% risk of failure)
Press: ? - help, Dir - move target, f - water moccasin, p - centaur warrior
Aim: a water moccasin (chance to affect: 90%)
The water moccasin is filled with an inner flame.
The centaur warrior shoots an arrow.
The arrow hits you!!
* * * LOW HITPOINT WARNING * * *
Wilburh closely misses the sky beast.
Casting: Inner Flame (safe; 1% risk of failure)
Confirm with . or Enter, or press ? or * to list all spells.
Aiming: Inner Flame (safe; 1% risk of failure)
Press: ? - help, Dir - move target, f - sky beast, p - water moccasin
Aim: a sky beast (moderately wounded, ally target, chance to affect: 90%)
The sky beast is filled with an inner flame.
The centaur warrior shoots an arrow.
The arrow hits you!
You die...

..........####.#
###............
##########.........
.........#..#####.#
.....)...'.## #
.........###
.#####...# #...#
#@..# #...#
#...##### #.5.S.(.#
#.....?.#
...c.....Y.#
[cv.#####R..# (...
...# ... ยง..#


You could see the friendly Wilburh the ancestor, a centaur warrior (inner
flame), a water moccasin (inner flame), a sky beast (inner flame, ally target)
and a friendly quasit (summoned).

Vanquished Creatures
  Pikel (D:5)
  The ghost of SorcV the Trooper, a novice OgNe of Kikubaaqudgha (D:5)
  Joseph (D:7)
  A troll (D:5)
  Prince Ribbit (D:5)
  3 yaks (D:7)
  Duvessa (D:5)
  5 sky beasts
  2 black bears (D:7)
  3 ice beasts
  4 ogres
  4 centaurs
  3 phantoms (D:5)
  2 lemures (D:5)
  2 bullfrogs
  2 necrophages (D:5)
  A scorpion (D:4)
  4 wights (D:7)
  Dowan (D:5)
  A vampire bat (D:6)
  2 orc priests
  4 hounds
  A jelly (D:6)
  A gnoll bouda (D:7)
  5 iguanas
  8 orc wizards
  5 gnolls (D:7)
  14 adders
  A shadow imp (D:7)
  A white imp (D:6)
  An ufetubus (D:4)
  4 worms
  4 dart slugs
  27 orcs
  4 ball pythons
  2 bat skeletons (D:6)
  4 bat zombies (D:6)
  6 endoplasms
  5 giant cockroaches
  10 goblins
  8 hobgoblins
  6 jackals (D:1)
  3 kobolds
  4 quokkas
  5 bats
  2 frilled lizards
  5 rats (D:1)
185 creatures vanquished.

Vanquished Creatures (collateral kills)
  A yak (D:7)
  A water moccasin (D:7)
  A statue (D:7)
  An adder (D:2)
  A worm (D:2)
  A ball python (D:1)
  A jackal (D:1)
7 creatures vanquished.

Vanquished Creatures (others)
  An ancestor (D:7)
  433 foxfires
434 creatures vanquished.

Grand Total: 626 creatures vanquished

Notes
Turn   | Place    | Note
-------+----------+-------------------------------------------
     0 | D:1      | BlueGoblin the Demonspawn Fire Elementalist began the quest
                  | for the Orb.
     0 | D:1      | Reached XP level 1. HP: 13/13 MP: 3/3
   344 | D:1      | Gained mutation: A weak demonic guardian rushes to your
                  | aid. [demonic ancestry]
   344 | D:1      | Reached XP level 2. HP: 19/19 MP: 0/5
   634 | D:1      | Reached skill level 1 in Hexes
   778 | D:1      | Gained mutation: You have an unusually large brain. (Int
                  | +2) [demonic ancestry]
   778 | D:1      | Reached XP level 3. HP: 18/25 MP: 0/7
  1900 | D:2      | Found the +5 scythe "Finisher" {speed, eviscerate}
  1990 | D:2      | Reached skill level 3 in Spellcasting
  2016 | D:2      | Reached XP level 4. HP: 31/31 MP: 8/8
  2082 | D:2      | Found a broken altar of Ashenzari.
  2223 | D:2      | Found a faded altar of an unknown god.
  3117 | D:3      | Reached skill level 1 in Fighting
  3780 | D:3      | Learned a level 3 spell: Inner Flame
  3789 | D:4      | Reached XP level 5. HP: 34/37 MP: 7/10
  3875 | D:4      | Reached skill level 4 in Spellcasting
  3906 | D:4      | Reached XP level 6. HP: 44/44 MP: 8/12
  4396 | D:4      | Found a transporter.
  4711 | D:4      | Noticed Stonecrops's ghost (novice GrMo)
  4738 | D:4      | Found a transporter.
  4878 | D:5      | Entered Level 5 of the Dungeon
  4907 | D:5      | Noticed Pikel
  4925 | D:5      | Killed Pikel
  4926 | D:5      | Reached skill level 5 in Spellcasting
  4926 | D:5      | Gained mutation: You have an extremely huge brain. (Int +4)
                  | [demonic ancestry]
  4926 | D:5      | Reached XP level 7. HP: 25/52 MP: 1/15
  5197 | D:5      | Noticed Duvessa
  5197 | D:5      | Noticed Dowan
  5199 | D:5      | Reached skill level 6 in Spellcasting
  5205 | D:5      | Gained mutation: You have an absolutely massive brain. (Int
                  | +6, Wiz) [demonic ancestry]
  5205 | D:5      | Reached XP level 8. HP: 58/58 MP: 5/17
  5227 | D:5      | Killed Duvessa
  5238 | D:5      | Killed Dowan
  5618 | D:5      | Noticed a troll
  5630 | D:5      | Killed a troll
  5635 | D:5      | Reached skill level 5 in Hexes
  5774 | D:5      | Reached skill level 7 in Spellcasting
  5836 | D:5      | Noticed Prince Ribbit
  5844 | D:5      | Killed Prince Ribbit
  5845 | D:5      | Reached XP level 9. HP: 66/66 MP: 10/19
  5929 | D:5      | Found a large runed translucent door.
  5930 | D:5      | Found a large runed translucent door.
  6150 | D:5      | Found a sacrificial altar of Ru.
  6150 | D:5      | Found a snail-covered altar of Cheibriados.
  6151 | D:5      | Found a hazy altar of Hepliaklqana.
  6260 | D:5      | Noticed SorcV's ghost (novice OgNe)
  6280 | D:5      | Killed SorcV's ghost
  6281 | D:5      | Reached skill level 5 in Fighting
  6398 | D:5      | Became a worshipper of Hepliaklqana the Forgotten
  6812 | D:6      | Reached skill level 8 in Spellcasting
  6944 | D:6      | Reached skill level 5 in Dodging
  7026 | D:6      | Found an ancient bone altar of Kikubaaqudgha.
  7056 | D:6      | Found Ninnol's Jewellery Shop.
  7190 | D:6      | Reached * piety under Hepliaklqana
  7814 | D:7      | Gained mutation: You have sharp fingernails. [demonic
                  | ancestry]
  7814 | D:7      | Reached XP level 10. HP: 68/68 MP: 13/22
  7929 | D:7      | Noticed Joseph
  7938 | D:7      | Killed Joseph
  7939 | D:7      | Reached skill level 9 in Spellcasting
  8177 | D:7      | Found a staircase to the Ecumenical Temple.
  8216 | D:7      | Found an iron altar of Okawaru.
  8569 | D:7      | Found a sparkling altar of Nemelex Xobeh.
  8595 | D:7      | Found a radiant altar of Vehumet.
  8816 | D:8      | Noticed a centaur warrior
  8823 | D:8      | Shot with an arrow by a centaur warrior

Illustrated notes

Levels and vault maps discovered:
D:1:      minmay_arrival_arboretum_small, layout_loops_ring
D:2:      layout_basic, shapermc_ecumenical_altar_totnotflames, basic_altar,
          minivault_5
D:3:      layout_basic
D:4:      layout_basic, gammafunk_ghost_mausoleum, grunt_ministairs_10,
          minmay_checkerbox
D:5:      cheibrodos_barr_body, layout_basic, gammafunk_temple_overflow_claw,
          ebering_ghost_disaster_area, uniq_duvessa, uniq_pikel,
          uniq_prince_ribbit1
D:6:      layout_gridville, kennysheep_vampire_church, serial_shops,
          kennysheep_little_box
D:7:      layout_rooms, vehumet_statue, nicolae_overflow_hidden_temple,
          minmay_temple_entry_statues_pillars, bh_walls_and_bars, uniq_joseph
D:8:      kennysheep_blocky_room, layout_rooms, gammafunk_ghost_hydra_chop,
          kennysheep_generic_room_4

Skill      XL: |  1  2  3  4  5  6  7  8  9 10 |
---------------+-------------------------------+-----
Hexes          | 1 2 4 5 7 8 |  8.9
Dodging        | 2 3 4 5 |  5.2
Spellcasting   | 3 4 5 6 7 8 9 |  9.4
Fighting       | 1 3 4 5 6 |  6.0
Stealth        | |  1.7
Conjurations   | |  1.0
Fire Magic     | |  2.6

Action                   |  1- 3 |  4- 6 |  7- 9 | 10-12 || total
-------------------------+-------+-------+-------+-------++-------
Melee: Unarmed           |    15 |       |       |       ||    15
       Dagger            |    37 |       |       |       ||    37
       Scythe            |    11 |    70 |    84 |       ||   165
 Cast: Foxfire           |    69 |    84 |    81 |    36 ||   270
       Inner Flame       |       |     5 |    34 |    24 ||    63
  Use: Scroll            |     4 |     5 |    11 |       ||    20
       Potion            |       |       |     1 |       ||     1
 Stab: Sleeping          |     2 |     2 |     1 |       ||     5
Armor: Robe              |    19 |    11 |     5 |       ||    35
       Troll leather arm |       |       |    28 |       ||    28
Dodge: Dodged            |    64 |    53 |   100 |    11 ||   228

Table legend: (Time is in decaauts)
 A = Elapsed time spent in this place.
 B = Non-inter-level travel time spent in this place.
 C = Inter-level travel time spent in this place.
 D = Time resting spent in this place.
 E = Time spent auto-exploring this place.
 F = Levels seen in this place.
 G = Mean time per level.
                   A        B        C        D        E       F      G
               +--------+--------+--------+--------+--------+-----+--------+
         Total |   8879 |   8252 |    627 |    587 |   6241 |   8 | 1109.9 |
       Dungeon |   8879 |   8252 |    627 |    587 |   6241 |   8 | 1109.9 |
               +--------+--------+--------+--------+--------+-----+--------+

Top non-repeatable levels by time:
     D:5: 1681 daAuts
     D:1: 1372 daAuts
     D:2: 1233 daAuts
     D:3: 1187 daAuts
     D:4: 1126 daAuts
     D:7: 1100 daAuts
     D:6: 1091 daAuts
     D:8: 85 daAuts
